Unix NetHack Version 5.0.0-0 post-release - last build Jun 10 2026 00:39:30 (3ee93aec679c4c4259841fe613dc97188e26a321,branch:main).

Game began 2026-06-11 02:28:28, ended 2026-06-11 04:00:24.

Brudee, chaotic female human Rogue

                               ---------------------   -------------------
                               |[..................|   |...q.............|
                               |.-----.---.-...---------.|.-@-------...|.|
 |..                           |...|+....|...............|.h.|...|...|.|.|
 |%-          ------      .-------.|.---.-----------...-.-----.|"|.|.|.|.|
 |.|.....|   |.....|      ......%....|.......| |...|...........|%..|)|.|.|
 |.-.....|   |[---.|      ------------------.---.-.|.......-----.--|.|.|.|
 |.|..._.|   ..| |.|         |.........|........^......      |.....| |....
 |.-  ---- ---.| |.-       |.|.........|--------.[.....----  |.....| ---.-
 |*.       |.... |..       |.-....<....-...|   |.......|...| |".{..|   ..|
 |.--------|.|.---.-       |.|.........|--.|.---.|.-...|.|.--|.....|----.|
 |.|.......|.|.|...|       |.|.........| |.......|.......|...|.....|.....|
 |.|.-----.|.|-|.|.|...---.|.|---------- ---.----- -...-.|--.---.---.|.---
 |..*|   |...| |.| |.....*.|.|                     |.....| |.........|.|..|--
 -----   |.--- |.|--...---.|.|                     ------- -------.--|"|..-.|
               |.|...* |...|.|                                       |.|.*|--
               |.|.--- |.{...-                                       |.|..-.
               |....   |......                                       ..*..|-
               -----   -------                                       ------
Brudee the Rogue        St:18/02 Dx:18 Co:25 In:10 Wi:11 Ch:8  Chaotic S:21881
Dlvl:11 $:0  HP:0(68) Pw:48(48) AC:-3 Xp:9/4494 T:8623  Satiated

Latest messages:
 You hit the carnivorous ape!
 The carnivorous ape hits!
 The carnivorous ape hits again!
 You hit the carnivorous ape!
 The carnivorous ape hits!
 The carnivorous ape hits again!
 The carnivorous ape grabs you!
 You hit the carnivorous ape!
 The carnivorous ape hits!
 The carnivorous ape hits again!
 You are being crushed.
 You hit the carnivorous ape!
 The carnivorous ape hits!
 The carnivorous ape hits again!
 You are being crushed.
 What do you want to use or apply? [ce-ik-ostwKN or ?*] w
 You produce a strange whistling sound.
 Your dwarf queen appears.
 The carnivorous ape misses!
 The carnivorous ape misses!
 You are being crushed.
 You cannot escape from the carnivorous ape!
 The carnivorous ape hits!
 The carnivorous ape misses!
 You are being crushed.
 You kill the carnivorous ape!
 You see here a carnivorous ape corpse.
 There is a carnivorous ape corpse here; eat it? [ynq] (n) y
 This carnivorous ape corpse is gamey.
 You're having a hard time getting all of it down.
 Continue eating? [yn] (n) n
 You stop eating the carnivorous ape corpse.
 You kill the coyote!
 You stop waiting.
 You miss the mumak.
 The mumak misses!
 The mumak bites!
 The dwarf queen swings her runed broadsword named Orcrist at the mumak.
 The dwarf queen hits the mumak.
 The dwarf queen swings her runed broadsword named Orcrist at the mumak.
 The dwarf queen misses the mumak.
 The mumak misses the dwarf queen.
 The mumak misses the dwarf queen.
 You swap places with your dwarf queen.
 You stop.  Your dwarf queen is in the way!
 The mumak butts!
 The mumak bites!
 You die...
 Do you want your possessions identified? [ynq] (y) y
 Do you want to see your attributes? [ynq] (y) q

Inventory:
 Weapons  (')')
  b - 15 +0 daggers (at the ready)
  G - the blessed rustproof +3 Ogresmasher (weapon in right hand)
 Armor    ('[')
  q - an uncursed rusty +1 dwarvish iron helm (being worn)
  T - a cursed burnt +1 pair of leather gloves (being worn)
  X - an uncursed +2 pair of high boots (being worn)
  u - an uncursed +0 dwarvish mithril-coat (being worn)
 Comestibles  ('%')
  Y - 2 cursed food rations
  L - 2 cursed tripe rations
  U - an uncursed partly eaten lizard corpse
 Scrolls  ('?')
  j - an uncursed scroll of charging
  V - an uncursed scroll of food detection
  a - a blessed scroll of light
 Rings    ('=')
  z - an uncursed ring of invisibility
  O - an uncursed ring of searching
 Wands    ('/')
  K - a cursed wand of cold (0:6)
  o - a cursed wand of digging (0:8)
  m - a cursed wand of lightning (0:8)
  c - a cursed wand of make invisible (0:3)
  l - a cursed wand of opening (0:6)
  t - a wand of probing (0:4)
  n - a blessed wand of striking (0:3)
  h - a wand of striking (0:0)
  k - a wand of teleportation (0:7)
  g - a cursed wand of undead turning (0:5)
 Tools    ('(')
  i - a blessed bag of holding containing 80 items
  f - an empty uncursed sack
  e - an uncursed lock pick
  w - an uncursed magic whistle
  N - an uncursed towel
 Gems/Stones  ('*')
  x - an uncursed amethyst stone
  y - an uncursed diamond
  W - an uncursed emerald
  v - an uncursed garnet stone
  A - an uncursed worthless piece of orange glass
  p - an uncursed worthless piece of violet glass
  s - an uncursed luckstone
  r - an uncursed rock

Contents of the bag of holding:
  3375 gold pieces
  a cursed amulet of unchanging
  11 cursed thoroughly rusty +0 shuriken
  3 +0 elven daggers
  a cursed -1 elven dagger
  the +0 Sting
  the cursed +0 Mjollnir
  a cursed +1 helmet
  an uncursed +0 pair of kicking boots
  a cursed -2 shield of shock resistance
  a cursed +0 cloak of magic resistance
  a cursed +0 Hawaiian shirt with a flamingo motif
  a cursed +0 Hawaiian shirt with a water nymph motif
  2 uncursed tins of goblin meat
  3 uncursed scrolls of blank paper
  an uncursed scroll of confuse monster
  a cursed scroll of confuse monster
  2 cursed scrolls of create monster
  a cursed scroll of earth
  4 uncursed scrolls of enchant weapon
  an uncursed scroll of genocide
  an uncursed scroll of remove curse
  a cursed scroll of remove curse
  a cursed spellbook of healing
  a cursed spellbook of light
  a cursed spellbook of magic missile
  an uncursed spellbook of restore ability
  an uncursed spellbook of turn undead
  an uncursed potion of fruit juice
  a cursed potion of full healing
  2 uncursed potions of gain energy
  an uncursed potion of hallucination
  an uncursed potion of healing
  a cursed potion of healing
  an uncursed potion of invisibility
  an uncursed potion of levitation
  an uncursed potion of monster detection
  an uncursed potion of object detection
  2 uncursed potions of paralysis
  a blessed potion of restore ability
  a blessed potion of sickness
  an uncursed potion of sickness
  a cursed potion of speed
  3 potions of holy water
  a potion of unholy water
  an uncursed +1 ring of adornment
  a cursed ring of free action
  an uncursed +3 ring of gain strength
  a cursed -5 ring of gain strength
  an uncursed ring of levitation
  a cursed ring of levitation
  an uncursed -2 ring of protection
  an uncursed ring of protection from shape changers
  a cursed ring of warning
  a wand of magic missile (0:5)
  a cursed wand of magic missile (0:5)
  a cursed wand of magic missile (0:4)
  a wand of probing (0:4)
  a magic marker (0:35)
  a cursed magic marker (0:54)
  a +0 pick-axe
  an uncursed stethoscope
  a cursed agate stone
  2 uncursed aquamarine stones
  an uncursed opal
  a cursed opal
  an uncursed sapphire
  an uncursed worthless piece of black glass
  2 uncursed worthless pieces of blue glass
  4 uncursed worthless pieces of green glass
  5 cursed worthless pieces of green glass
  3 uncursed worthless pieces of orange glass
  a cursed worthless piece of orange glass
  2 uncursed worthless pieces of red glass
  5 uncursed worthless pieces of violet glass
  2 cursed worthless pieces of violet glass
  4 uncursed worthless pieces of white glass
  a cursed worthless piece of white glass
  5 uncursed worthless pieces of yellow glass
  2 uncursed worthless pieces of yellowish brown glass

Brudee the Rogue's attributes:

Background:
 You were a Rogue, level 9 female human.
 You were chaotic, on a mission for Kos
 who was opposed by Issek (lawful) and Mog (neutral).
 You were right-handed.
 You were in the Gnomish Mines, on level 11.
 You entered the dungeon 8623 turns ago.
 It was nighttime.
 You had 4494 experience points, 626 more were needed to attain level 10.
 Your score was 21881 before end-of-game adjustments.

Basics:
 You had 0 out of 68 hit points.
 You had all 48 energy points (spell power).
 Your armor class was -3.
 Your wallet was empty, but
 you had 3375 zorkmids stashed away in your pack.
 Autopickup was on for '$"?+!=/*' plus thrown.

Final Characteristics:
 Your strength was 18/02 (limit:18/100).
 Your dexterity was 18 (limit:18).
 Your constitution was 25 (base:15, innate limit:18).
 Your intelligence was 10 (limit:18).
 Your wisdom was 11 (peak:12, limit:18).
 Your charisma was 8 (limit:18).

Final Status:
 You were satiated.
 You were unencumbered.
 You were wielding a hammer.
 You had basic skill with hammer.

Final Attributes:
 You were piously aligned.
 You were cold resistant.
 You were telepathic.
 You were stealthy.
 You were guarded.
 Your spell casting was impaired by metallic armor.
 You were lucky.
 You had extra luck.
 Bad luck did not time out for you.
 Good luck did not time out for you.
 You are dead.

Miscellaneous:
 You encountered 2 bones levels.
 Total elapsed playing time was 1 hour, 31 minutes and 55 seconds.

Major events:
 Turn
    1: Brudee the chaotic female human Rogue entered the dungeon
  918: became literate by naming Sting
 1090: attained the rank of Cutpurse (level 3)
 2686: entered the Gnomish Mines
 3222: attained the rank of Rogue (level 6)
 3330: reached Mine Town
 5008: was bestowed with Ogresmasher by Kos
 6703: chose a runed broadsword to be named "Orcrist"
 7475: found Mjollnir carried by a monster
 8001: killed Angmagssalik, the general store proprietor
 8127: acquired the Mines' End luckstone
 8623: killed by a mumak

Spells:
 Name                 Level Category     Fail Retention
 force bolt             1   attack       100%  76%-100%
 turn undead            6   clerical     100%  76%-100%

Skills:
 Fighting Skills
   bare handed combat [Unskilled]
   two weapon combat  [Basic]
   riding             [Unskilled]
 Weapon Skills
   dagger             [Skilled]
   knife              [Unskilled]
   short sword        [Basic]
   broadsword         [Unskilled]
   long sword         [Unskilled]
   two-handed sword   [Unskilled]
   saber              [Unskilled]
   club               [Unskilled]
   mace               [Unskilled]
   morning star       [Unskilled]
   flail              [Unskilled]
   hammer             [Basic]
   polearms           [Unskilled]
   spear              [Unskilled]
   crossbow           [Unskilled]
   dart               [Unskilled]
   shuriken           [Unskilled]
 Spellcasting Skills
   divination spells  [Unskilled]
   escape spells      [Unskilled]
   matter spells      [Unskilled]

Voluntary challenges:
 Character rerolling was not enabled.
 You never genocided any monsters.
 You never polymorphed an object.
 You used no wishes.
Achievements:
 You entered a shop.
 You attained the rank of Cutpurse.
 You entered the Gnomish Mines.
 You attained the rank of Rogue.
 You entered Minetown.
 You entered a temple.
 You completed the Gnomish Mines.

 The Dungeons of Doom: levels 1 to 4
    Level 1:
       An altar to Kos.
    Level 2:
       A general store, a fountain.
       Stairs down to The Gnomish Mines.
    Level 3:
    Level 4:
 The Gnomish Mines: levels 3 to 11
    Level 3:
    Level 4:
    Level 5:
    Level 6:
       Many shops, a temple and an altar, some fountains.
    Level 7:
    Level 8:
    Level 9:
       A grave.
       Final resting place for
          jigsy-Bar-Hum-Fem-Cha, killed by a blast of missiles exhaled by a gray dragon.
    Level 10:
       A grave.
       Final resting place for
          TTT5-Wiz-Hum-Fem-Cha, killed by an ogre lord.
    Level 11: <- You were here.
       Some fountains.
       Final resting place for
          you, killed by a mumak.


Vanquished creatures:
 an iron golem
  a gray dragon
  a shopkeeper
  2 vampires
  a watch captain
  2 ghosts
  2 large mimics
  a wumpus
 an earth elemental
  2 small mimics
  a warhorse
 an ettin mummy
  a wood golem
  a freezing sphere
  a flaming sphere
  a tengu
  a green slime
  a carnivorous ape
  2 watchmen
  a chameleon
  a wolf
  4 winter wolf cubs
  2 panthers
  a leprechaun
 an orc-captain
  a horse
  a gnome ruler
 an orc mummy
  a gold golem
  a lizard
  a dwarf leader
  3 apes
  a human zombie
  a rock piercer
  a rock mole
  a pony
  2 yellow lights
  3 shriekers
  a violet fungus
  9 gnome leaders
  2 gnomish wizards
  4 kobold mummies
  2 gray oozes
 an elf zombie
  a straw golem
  a paper golem
 12 giant ants
  a little dog
  4 floating eyes
  2 kittens
 13 dwarves
  2 homunculi
  a kobold shaman
  5 rothes
  a rabid rat
  a monkey
 10 orc zombies
  4 dwarf zombies
  2 iguanas
  4 killer bees
 an acid blob
  2 coyotes
  a gas spore
  5 hobbits
  2 giant rats
  3 cave spiders
  5 yellow molds
  a red mold
 56 gnomes
  5 geckos
 10 jackals
  5 foxes
  a kobold
  3 sewer rats
  3 grid bugs
  3 lichens
  a kobold zombie
 18 newts
260 creatures vanquished.

No species were genocided or became extinct.

Game over:
                       ----------
                      /          \
                     /    REST    \
                    /      IN      \
                   /     PEACE      \
                  /                  \
                  |      Brudee      |
                  |     3375 Au      |
                  |   killed by a    |
                  |      mumak       |
                  |                  |
                  |                  |
                  |       2026       |
                 *|     *  *  *      | *
        _________)/\\_//(\/(/\)/\//\/|_)_______

Goodbye Brudee the Rogue...

You died in The Gnomish Mines on dungeon level 11 with 21544 points,
and 3375 pieces of gold, after 8623 moves.
You were level 9 with a maximum of 68 hit points when you died.

